 Dungeon Crawl Stone Soup version 0.22.1-1-ga44c0e5 (webtiles) character file.

1640 joejoepie the Poker (level 8, -3/65 HPs)
             Began as a Demonspawn Abyssal Knight on Oct 24, 2018.
             Was a Priest of Lugonu.
             Slain by an iguana (7 damage)
             ... on level 8 of the Dungeon.
             The game lasted 00:38:50 (7169 turns).

joejoepie the Poker (Demonspawn Abyssal Knight)     Turns: 7169, Time: 00:38:52

Health: -3/65      AC: 18    Str: 13    XL:     8   Next: 66%
Magic:  10/10      EV:  7    Int: 16    God:    Lugonu [***...]
Gold:   382        SH: 12    Dex: 12    Spells: 7/7 levels left

rFire    . . .     SeeInvis .   a - +1 spear
rCold    + . .     Gourm    .   m - +0 large shield
rNeg     + . .     Faith    .   s - +7 ring mail "Ziaponoj" {rElec Regen+ Str-2}
rPois    .         Spirit   .   (no helmet)
rElec    +         Reflect  .   (no cloak)
rCorr    .         Harm     .   (no gloves)
MR       .....                  (no boots)
Stlth    ++........             (no amulet)
HPRegen  0.60/turn              d - +4 ring of protection
MPRegen  0.12/turn              t - ring of positive energy

@: no status effects
A: claws 1, rugged brown scales 2, blink, clever 1, cold resistance 1,
nightstalker 1
a: Blink, Depart the Abyss, Bend Space, Banish, Renounce Religion


You were on level 8 of the Dungeon.
You worshipped Lugonu.
Lugonu was most pleased with you.
You were not hungry.

You visited 1 branch of the dungeon, and saw 8 of its levels.
You visited the Abyss 1 time.

You collected 382 gold pieces.

Inventory:

Hand Weapons
 a - a +1 spear (weapon)
 b - a +1 hunting sling of flaming
 i - a +0 dagger
 r - a +0 dagger
Missiles
 j - 32 sling bullets
 o - 6 tomahawks of returning
 p - 5 steel tomahawks (quivered)
Armour
 h - a +0 scale mail
 m - a +0 large shield (worn)
 q - a +1 leather armour
 s - the +7 ring mail "Ziaponoj" (worn) {rElec Regen+ Str-2}
   (You found it on level 6 of the Dungeon)

   It affects your strength (-2).
   It insulates you from electricity.
   It increases your rate of regeneration.
Jewellery
 d - a +4 ring of protection (left claw)
 t - a ring of positive energy (right claw)
 v - an uncursed ring of fire {unknown}
 y - an uncursed amulet of the acrobat {unknown}
Wands
 g - a wand of random effects (21)
 k - a wand of clouds (1)
 w - a wand of iceblast (12)
Scrolls
 e - 2 scrolls of fog
 l - 4 scrolls of teleportation
Potions
 f - a potion of agility
Comestibles
 c - 14 rations


   Skills:
 + Level 5.3 Fighting
 + Level 6.3 Polearms
 + Level 2.0(2.1) Slings
 + Level 0.7(1.5) Throwing
 + Level 3.6 Armour
 + Level 3.3 Dodging
 + Level 1.7 Stealth
 + Level 3.4 Shields
 + Level 2.7 Invocations


You had 7 spell levels left.
You didn't know any spells.
Your spell library contained the following spells:

 Spells                   Type           Power        Failure   Level  Hunger
 Corona                   Hex            #......      100%        1    ##.....
 Ensorcelled Hibernation  Hex/Ice        #.....       100%        2    ###....
 Confuse                  Hex            #.......     100%        3    ####...
 Dazzling Spray           Conj/Hex       #.....       100%        3    ####...
 Tukima's Dance           Hex            #.......     100%        3    ####...


Dungeon Overview and Level Annotations

Branches:
Dungeon (8/15)             Temple (0/1) D:6
   Lair: D:8-11

Altars:
Cheibriados
Dithmenos
Elyvilon
Gozag
Hepliaklqana
Makhleb
Okawaru
Qazlal
Ru
Sif Muna
Vehumet
Xom
Yredelemnul
Zin

Annotations:
D:6 exclusion: statue


Innate Abilities, Weirdness & Mutations

You have sharp fingernails.
You are mostly covered in rugged brown scales. (AC +2, +5% HP)
Your flesh is cold resistant. (rC+)
You are slightly more attuned to the shadows.
You can translocate small distances at will.
Your mind is acute. (Int +2)


Message History

You hit the ogre.
The ogre is moderately wounded.
The iguana completely misses you.
You hit the ogre.
The ogre is heavily wounded.
You block the ogre's attack. The iguana barely misses you.
You puncture the ogre!
The ogre is severely wounded.
The iguana bites you.
You hit the ogre.
The ogre is almost dead.
The ogre hits you with a giant spiked club.
The iguana bites you.
* * * LOW HITPOINT WARNING * * *
You barely miss the ogre.
The ogre is almost dead.
The ogre hits you with a giant spiked club!
* * * LOW HITPOINT WARNING * * *
The iguana bites you!
You die...

#.......#....#......#
#......##...#######.#
#......####'##...######
#............#.........
#......................
#.......###.###.<......
#.......# #.# #(.......
#...##..###'###(.##...#
#...##.(..'hl@Oc.# ###
#.....(.#######....<.
#....h(.# ### #......
#.......# ### #.......
#...##....... ........
#...#######.. ........
#....# #### #####.
#....+ #....#


You could see an ogre, a centaur, a howler monkey and an iguana.

Vanquished Creatures
  2 ice beasts
  An ogre (D:8)
  2 necrophages
  4 bullfrogs
  2 scorpions
  A water moccasin skeleton (D:5)
  2 howler monkeys
  3 crimson imps
  A bullfrog zombie (D:7)
  3 hounds
  2 orc priests
  4 worker ants
  2 iguanas (D:7)
  3 orc wizards
  A hound zombie (D:6)
  A hound skeleton (D:7)
  A worker ant zombie (D:5)
  3 gnolls (D:3)
  6 adders
  An ooze (D:2)
  An adder skeleton (D:4)
  3 worms (D:3)
  3 dart slugs
  3 leopard geckos
  10 orcs
  5 giant cockroaches
  2 hobgoblins
  7 jackals (D:1)
  3 quokkas
  3 ball pythons
  12 bats
  7 frilled lizards
  A giant cockroach zombie (D:6)
  6 goblins
  A jackal skeleton (D:7)
  A jackal zombie (D:5)
  8 kobolds
  9 rats
130 creatures vanquished.

Notes
Turn   | Place    | Note
-------+----------+-------------------------------------------
     0 | Abyss:1  | joejoepie the Demonspawn Abyssal Knight began the quest for
                  | the Orb.
     0 | Abyss:1  | Reached XP level 1. HP: 18/18 MP: 2/2
    30 | Abyss:1  | Noticed a thrashing horror
    33 | D:1      | Escaped the Abyss
   118 | D:1      | Found a runed door.
   118 | D:1      | Noticed a jelly
   176 | D:1      | Reached * piety under Lugonu
   238 | D:1      | Gained mutation: Your flesh is cold resistant. (rC+)
                  | [demonic ancestry]
   238 | D:1      | Reached XP level 2. HP: 20/24 MP: 3/3
   436 | D:1      | Reached skill level 2 in Polearms
   576 | D:1      | Reached skill level 1 in Dodging
   800 | D:1      | Reached XP level 3. HP: 29/29 MP: 4/4
  1141 | D:3      | Reached ** piety under Lugonu
  1539 | D:3      | Gained mutation: You are partially covered in rugged brown
                  | scales. (AC +1, +3% HP) [demonic ancestry]
  1539 | D:3      | Reached XP level 4. HP: 26/37 MP: 6/6
  1917 | D:3      | Reached skill level 3 in Polearms
  2828 | D:4      | Found an iron altar of Okawaru.
  2968 | D:4      | Reached XP level 5. HP: 16/43 MP: 7/7
  3281 | D:4      | Reached skill level 4 in Polearms
  3741 | D:2      | Found a faded altar of an unknown god.
  3876 | D:2      | Found a sacrificial altar of Ru.
  4009 | D:3      | Gained mutation: You are mostly covered in rugged brown
                  | scales. (AC +2, +5% HP) [demonic ancestry]
  4009 | D:3      | Reached XP level 6. HP: 32/50 MP: 8/8
  4409 | D:5      | Entered Level 5 of the Dungeon
  4892 | D:5      | Found a stormy altar of Qazlal.
  4899 | D:5      | Found a shadowy altar of Dithmenos.
  4899 | D:5      | Found a deep blue altar of Sif Muna.
  4926 | D:5      | Reached skill level 1 in Shields
  4942 | D:5      | Found a snail-covered altar of Cheibriados.
  5187 | D:6      | Gained mutation: You are slightly more attuned to the
                  | shadows. [demonic ancestry]
  5187 | D:6      | Reached XP level 7. HP: 57/57 MP: 9/9
  5265 | D:6      | Reached skill level 5 in Polearms
  5283 | D:6      | Found a basalt altar of Yredelemnul.
  5367 | D:6      | Got a warped ring mail
  5368 | D:6      | Identified the +7 ring mail "Ziaponoj" {rElec Regen+ Str-2}
                  | (You found it on level 6 of the Dungeon)
  5436 | D:6      | Reached *** piety under Lugonu
  5555 | D:6      | Found a staircase to the Ecumenical Temple.
  5645 | D:6      | Reached skill level 1 in Stealth
  5766 | D:6      | Found a shimmering altar of Xom.
  5767 | D:6      | Found a shimmering altar of Xom.
  5767 | D:6      | Found a shimmering altar of Xom.
  5769 | D:6      | Found a shimmering altar of Xom.
  5780 | D:6      | Reached skill level 1 in Slings
  5781 | D:6      | Found a shimmering altar of Xom.
  5789 | D:6      | Found a shimmering altar of Xom.
  5789 | D:6      | Found a shimmering altar of Xom.
  5790 | D:6      | Found a shimmering altar of Xom.
  5791 | D:6      | Found a shimmering altar of Xom.
  5959 | D:6      | Found a radiant altar of Vehumet.
  6128 | D:7      | Reached skill level 5 in Fighting
  6147 | D:7      | Gained mutation: Your muscles are strong. (Str +2) [potion
                  | of mutation]
  6147 | D:7      | Gained mutation: Your mind is acute. (Int +2) [potion of
                  | mutation]
  6147 | D:7      | Lost mutation: Your muscles are strong. (Str +2) [potion of
                  | mutation]
  6147 | D:7      | Gained mutation: You can translocate small distances at
                  | will. [potion of mutation]
  6176 | D:7      | Gained mutation: You have sharp fingernails. [demonic
                  | ancestry]
  6176 | D:7      | Reached XP level 8. HP: 61/65 MP: 10/10
  6197 | D:7      | Found a glowing silver altar of Zin.
  6414 | D:7      | Noticed a hippogriff
  6454 | D:7      | Found a burning altar of Makhleb.
  6762 | D:8      | Found a white marble altar of Elyvilon.
  6842 | D:8      | Noticed a two-headed ogre
  6854 | D:7      | You fall through a shaft!
  6930 | D:8      | Reached skill level 6 in Polearms
  6944 | D:8      | Found a hazy altar of Hepliaklqana.
  7029 | D:8      | Found an opulent altar of Gozag.
  7169 | D:8      | Slain by an iguana

Skill      XL: |  1  2  3  4  5  6  7  8 |
---------------+-------------------------+-----
Polearms       | 2 3 4 5 6 |  6.3
Dodging        | 1 2 3 |  3.3
Armour         | 2 3 |  3.6
Fighting       | 4 5 |  5.3
Shields        | 1 2 3 |  3.4
Stealth        | 1 |  1.7
Slings         | 1 2 |  2.0
Throwing       | |  0.7
Invocations    | |  2.7

Action                   |  1- 3 |  4- 6 |  7- 9 || total
-------------------------+-------+-------+-------++-------
Melee: Spear             |   177 |   336 |   428 ||   941
 Fire: Hunting sling     |       |     2 |    39 ||    41
Throw: Tomahawk          |       |     8 |     2 ||    10
Invok: Depart the Abyss  |     1 |       |       ||     1
       Bend Space        |     1 |     1 |     1 ||     3
 Abil: Blink             |       |       |     5 ||     5
  Use: Scroll            |     7 |     7 |     3 ||    17
       Potion            |     5 |     1 |     6 ||    12
 Stab: Distracted        |     1 |       |     1 ||     2
       Sleeping          |     1 |       |     5 ||     6
  Eat: Chunk             |     2 |     6 |     4 ||    12
       Ration            |       |     2 |     1 ||     3
Armor: Leather armour    |    86 |       |       ||    86
       Scale mail        |    31 |   148 |    15 ||   194
       Ring mail         |       |       |   175 ||   175
Dodge: Dodged            |   146 |    53 |    91 ||   290
Block: Large shield      |       |   104 |   234 ||   338
